 Dungeon Crawl Stone Soup version 0.29.1-13-g9f3cf754e1 (webtiles) character file.

Game seed: 18225568625008426196

190 BeingJoeMalik the Magician (level 5, -5/42 HPs)
             Began as a Naga Hedge Wizard on Feb 6, 2023.
             Was an Initiate of Kikubaaqudgha.
             Slain by an orc
             ... wielding a +0 flail
              (10 damage)
             ... on level 4 of the Dungeon.
             The game lasted 00:09:45 (4099 turns).

BeingJoeMalik the Magician (Naga Hedge Wizard)      Turns: 4099, Time: 00:09:45

Health: -5/42      AC:  3    Str: 12    XL:     5   Next: 69%
Magic:  1/10       EV:  9    Int: 17    God:    Kikubaaqudgha [......]
Gold:   108        SH:  3    Dex: 10    Spells: 4/11 levels left

rFire   . . .      SeeInvis +   p - +0 dagger (freeze)
rCold   . . .      Faith    .   n - +0 buckler
rNeg    . . .      Spirit   .   b - +0 robe
rPois   +          Reflect  .   c - +0 hat
rElec   .          Harm     .   m - +0 cloak
rCorr   .          Rampage  .   (no gloves)
Will    .....                   (no barding)
Stlth   ++........              (no amulet)
HPRegen 0.14/turn               (no ring)
MPRegen 0.12/turn               (no ring)

@: very slightly contaminated, very slow
A: AC +1, large, see invisible, deformed body, poison resistance, slowness 2,
spit poison 1, naga tail 1
a: Spit Poison, Renounce Religion


You were on level 4 of the Dungeon.
You worshipped Kikubaaqudgha.
Kikubaaqudgha was noncommittal.
You visited 1 branch of the dungeon, and saw 4 of its levels.

You collected 108 gold pieces.

Inventory:

Hand Weapons
 a - a +0 dagger
 f - a +3 dagger
 p - a +0 dagger of freezing (weapon)
Armour
 b - a +0 robe (worn)
 c - a +0 hat (worn)
 m - a +0 cloak (worn)
 n - a +0 buckler (worn)
Scrolls
 e - 3 scrolls of identify {unknown}
 g - 2 scrolls of teleportation {unknown}
 i - a scroll of vulnerability {unknown}
 j - 3 scrolls of enchant armour {unknown}
 q - a scroll of butterflies {unknown}
 s - 3 scrolls of magic mapping {unknown}
 t - a scroll of blinking {unknown}
 v - 2 scrolls of poison {unknown}
 w - a scroll of immolation {unknown}
 x - a scroll of silence {unknown}
Potions
 d - a potion of ambrosia {unknown}
 h - 2 potions of curing {unknown}
 k - 3 potions of might {unknown}
 l - a potion of degeneration {unknown}
 o - a potion of attraction {unknown}
 r - a potion of flight {unknown}
 u - a potion of berserk rage {unknown}
 z - a potion of cancellation {unknown}


   Skills:
 - Level 0.1 Fighting
 - Level 1.7 Dodging
 - Level 3.0 Stealth
 * Level 1.4 Shields
 - Level 3.5 Spellcasting
 + Level 3.4 Conjurations
 + Level 2.0 Summonings
 * Level 1.5 Necromancy
 - Level 1.0 Translocations


You had 4 spell levels left.
You knew the following spells:

 Your Spells              Type           Power      Damage    Failure   Level
a - Magic Dart            Conj           56%        1d5       4%          1
b - Call Imp              Summ           9%         N/A       14%         2
c - Mephitic Cloud        Conj/Pois/Air  6%         N/A       36%         3
d - Necrotise             Necr           32%        1d5       11%         1

Your spell library contained the following spells:

 Spells                   Type           Power      Damage    Failure   Level
 Slow                     Hex            12%        N/A       21%         1
 Blink                    Tloc           12%        N/A       21%         2
 Conjure Flame            Conj/Fire      8%         6-21      30%         3
 Vampiric Draining        Necr           8%         2d6       32%         3
 Agony                    Necr           8%         N/A       97%         5


Dungeon Overview and Level Annotations

Branches:
Dungeon (4/15)
 Temple: D:4-7

Altars:
Kikubaaqudgha

Shops:
D:3 [


Innate Abilities, Weirdness & Mutations

Your serpentine skin is tough. (AC +1)
You have supernaturally acute eyesight. (SInv)
Armour fits poorly on your strangely shaped body.
Your system is resistant to poisons. (rPois)
You cover ground very slowly.
You can spit poison.
You have a snake-like lower body.


Message History

Aiming: Spit Poison (1% risk of failure)
Press: ? - help, Q - select action, (/) - cycle Shift-Dir - straight line, f/p - orc wizard
Aim: an orc wizard, wielding a +0 dagger and wearing a +0 robe (almost dead, slightly transparent, 50% to hit)
The splash of poison hits the orc wizard.
The orc wizard is poisoned.
You kill the orc wizard!
Kikubaaqudgha accepts your kill. The orc misses you.
The orc hits you with a +0 falchion.
Your Summonings skill increases to level 2!
Casting: Magic Dart (safe; 4% risk of failure)
Confirm with . or Enter, or press ? or * to list all spells.
A beastly little devil appears in a puff of flame.
The orc closely misses you. The orc hits you with a +0 falchion.
Unknown command.
Unknown command.
Casting: Call Imp (safe; 14% risk of failure)
Confirm with . or Enter, or press ? or * to list all spells.
Aiming: Magic Dart (safe; 4% risk of failure)
Press: ? - help, Shift-Dir - straight line, f - orc wizard
Aim: an orc wizard, wielding a +0 dagger and wearing a +0 robe (100% to hit)
The magic dart hits the orc wizard but does no damage.
You have got your breath back.
The orc barely misses you. You block the orc's attack.
Your crimson imp hits the orc.
Casting: Magic Dart (safe; 4% risk of failure)
Confirm with . or Enter, or press ? or * to list all spells.
Aiming: Magic Dart (safe; 4% risk of failure)
Press: ? - help, Shift-Dir - straight line, f/p - orc wizard
Aim: an orc wizard, wielding a +0 dagger and wearing a +0 robe (100% to hit)
The magic dart hits the orc wizard.
The orc wizard is moderately wounded.
You block the orc's attack. The orc hits you with a +0 flail!
* * * LOW HITPOINT WARNING * * *
Your crimson imp completely misses the orc.
You closely miss the orc wizard.
The orc wizard is moderately wounded.
The orc wizard hits you but does no damage.
The orc closely misses you. The orc hits you with a +0 flail!
You die...
Kikubaaqudgha rasps: "You have failed me!
Welcome... death!"

..... #......
#...... #......
#.....########
##............#
..............#
........@)....#
......5ooo....#
..............#
....=.........#
##?...........#
#............#
#.............#
#.............#
#.............#


You could see an orc wizard, 2 orcs and a friendly crimson imp (summoned).

Vanquished Creatures
  An ogre (D:4)
  An orc wizard (D:4)
  An adder (D:2)
  A dart slug (D:3)
  3 ball pythons (D:1)
  7 bats
  9 endoplasms
  A giant cockroach (D:3)
  3 goblins
  9 hobgoblins
  7 kobolds
  3 quokkas
  3 frilled lizards
  2 rats (D:1)
51 creatures vanquished.

Vanquished Creatures (collateral kills)
  A gnoll (D:1)
  2 kobolds (D:1)
  A rat (D:1)
4 creatures vanquished.

Grand Total: 55 creatures vanquished

Notes
Turn   | Place    | Note
-------+----------+-------------------------------------------
     0 | D:1      | BeingJoeMalik the Naga Hedge Wizard began the quest for the
                  | Orb.
     0 | D:1      | Reached XP level 1. HP: 15/15 MP: 4/4
   427 | D:1      | Reached XP level 2. HP: 22/22 MP: 3/6
   430 | D:1      | Learned a level 2 spell: Call Imp
  1098 | D:1      | HP: 1/22 [hobgoblin (2)]
  1405 | D:1      | Reached XP level 3. HP: 22/28 MP: 2/8
  1465 | D:1      | Learned a level 3 spell: Mephitic Cloud
  1832 | D:1      | Found a faded altar of an unknown god.
  2077 | D:2      | Reached XP level 4. HP: 36/36 MP: 2/9
  3013 | D:3      | Found an ancient bone altar of Kikubaaqudgha.
  3021 | D:3      | Became a worshipper of Kikubaaqudgha
  3119 | D:3      | Found Yshriteym's Armour Shop.
  3493 | D:3      | Learned a level 1 spell: Necrotise
  3936 | D:4      | Noticed an ogre
  3946 | D:4      | Killed an ogre
  3947 | D:4      | Reached skill level 1 in Shields
  3947 | D:4      | Reached skill level 1 in Necromancy
  3947 | D:4      | Reached XP level 5. HP: 23/42 MP: 0/10
  4099 | D:4      | Slain by an orc

Illustrated notes

Levels and vault maps discovered:
D:1:      lemuel_arrival_funnel, layout_basic, shapermc_ecumenical_altar_ellora
D:2:      layout_loops_ring, kennysheep_decorative_pillar
D:3:      layout_basic, mainiacjoe_overflow_tiny_flanked, serial_shops, shop
D:4:      layout_gridville, general_overflow_altar, kennysheep_minor_cross

Skill      XL: |  1  2  3  4  5 |
---------------+----------------+-----
Conjurations   | 2 3 |  3.4
Shields        | 1 |  1.4
Necromancy     | 1 |  1.5
Summonings     | 2 |  2.0
Fighting       | |  0.1
Dodging        | |  1.7
Stealth        | |  3.0
Spellcasting   | |  3.5
Translocations | |  1.0

Action                   |  1- 3 |  4- 6 || total
-------------------------+-------+-------++-------
Melee: Dagger            |     7 |     3 ||    10
 Cast: Magic Dart        |    75 |    58 ||   133
       Call Imp          |     4 |     3 ||     7
 Abil: Spit Poison       |    12 |     5 ||    17
  Use: Potion            |     1 |       ||     1
Armor: Robe              |     5 |     5 ||    10
Dodge: Dodged            |    22 |    15 ||    37
Block: Buckler           |       |     3 ||     3
